 Dungeon Crawl Stone Soup version 0.19-a0-1498-g0b85ae9 (webtiles) character file.

62 poirepourri the Sneak (level 3, 0/16 HPs)
             Began as a Spriggan Enchanter on Sept 10, 2016.
             Slain by an adder (1 damage)
             ... on level 2 of the Dungeon.
             The game lasted 00:03:06 (2674 turns).

poirepourri the Sneak (Spriggan Enchanter)          Turns: 2674, Time: 00:03:06

Health: 0/16       AC:  3    Str:  4    XL:     3   Next: 85%
Magic:  5/8        EV: 19    Int: 16    God:
Gold:   94         SH:  0    Dex: 17    Spells: 3 memorised, 2 levels left

rFire  . . .     SeeInvis +     a - +1 dagger
rCold  . . .     Gourm    .     b - +1 robe
rNeg   . . .     Faith    .     (shield restricted)
rPois  .         Spirit   .     h - +0 hat
rElec  .         Dismiss  .     (no cloak)
rCorr  .         Reflect  .     (gloves unavailable)
MR     .....     Harm     .     (boots unavailable)
Stlth  ++++......               (no amulet)
                                (no ring)
                                (no ring)

@: lethally poisoned (0 -> -6), very slightly contaminated, very quick
A: unfitting armour, see invisible, herbivore 3, speed 3, slow metabolism 2
a: no special abilities


You were on level 2 of the Dungeon.
You were not hungry.

You visited 1 branch of the dungeon, and saw 2 of its levels.

You collected 94 gold pieces.

Inventory:

Hand Weapons
 a - a +1 dagger (weapon)
Armour
 b - a +1 robe (worn)
 h - a +0 hat (worn)
Potions
 f - a potion of heal wounds
 g - a potion of cancellation {unknown}
 j - a potion of berserk rage
Books
 c - a book of Maledictions

   Spells                             Type                      Level
   a - Corona                         Hexes                        1
   b - Ensorcelled Hibernation        Hexes/Ice                    2
   c - Confuse                        Hexes                        3
   d - Tukima's Dance                 Hexes                        3
   e - Dazzling Spray                 Conjuration/Hexes            3
Comestibles
 d - 2 bread rations


   Skills:
 + Level 1.2 Short Blades
 + Level 3.4 Dodging
 + Level 5.6 Stealth
 + Level 3.1 Spellcasting
 + Level 4.3 Hexes
 + Level 0.5 Ice Magic


You had 2 spell levels left.
You knew the following spells:

 Your Spells              Type           Power        Failure   Level  Hunger
a - Corona                Hex            ###....      3%          1    None
b - Ensorcelled Hibernat  Hex/Ice        ##....       12%         2    ##.....
c - Confuse               Hex            ###.....     12%         3    ###....


Dungeon Overview and Level Annotations

Branches:
Dungeon (2/15)

Altars:


Innate Abilities, Weirdness & Mutations

You are tiny and cannot use many weapons and most armour.
You have supernaturally acute eyesight. (SInv)
You are a herbivore.
You cover ground extremely quickly.
You need consume almost no food.


Message History

You closely miss the adder.
The adder is heavily wounded.
The adder closely misses you.
You barely miss the adder.
The adder is heavily wounded.
The adder misses you. The adder bites you.
You are poisoned.
The adder poisons you!
You closely miss the adder.
The adder is heavily wounded.
You feel sick. The adder bites you.
You hit the adder.
The adder is heavily wounded.
The adder bites you.
* * * LOW HITPOINT WARNING * * *
You miss the adder.
The adder is heavily wounded.
* * * LOW HITPOINT WARNING * * *
You feel sick. The adder bites you.
You die...

#..........#
#..#.#######
##........#
#...#.###.#
###.#.##
#.#..#
#.##.# ..
#.# ## #@#
#S# #.# ...
..# #### # #
#


You could see an adder.

Vanquished Creatures
  3 adders (D:2)
  A dart slug (D:1)
  2 giant cockroaches
  2 goblins
  4 hobgoblins (D:1)
  4 jackals (D:1)
  3 kobolds
  A ball python (D:2)
  5 bats
  4 giant newts
  6 rats
35 creatures vanquished.

Notes
Turn   | Place    | Note
-------+----------+-------------------------------------------
     0 | D:1      | poirepourri the Spriggan Enchanter began the quest for the Orb.
     0 | D:1      | Reached XP level 1. HP: 9/9 MP: 5/5
   403 | D:1      | Reached XP level 2. HP: 13/13 MP: 6/6
   448 | D:1      | Reached skill level 5 in Stealth
   701 | D:1      | Learned a level 2 spell: Ensorcelled Hibernation
  1735 | D:2      | Reached XP level 3. HP: 11/16 MP: 0/8
  2158 | D:2      | Learned a level 3 spell: Confuse
  2674 | D:2      | Slain by an adder

Vault maps used:
D:1:      dpeg_arrival_pond

Skill      XL: |  1  2 |
---------------+-------+-----
Stealth        | 5 |  5.6
Spellcasting   | 3 |  3.1
Hexes          | 4 |  4.3
Short Blades   | |  1.2
Dodging        | |  3.4
Ice Magic      | |  0.5

Action                   || total
-------------------------++-------
Melee: Dagger            ||    85
 Cast: Corona            ||     9
       Ensorcelled Hiber ||    27
  Use: Potion            ||     1
       Scroll            ||     6
 Stab: Sleeping          ||    22
  Eat: Fruit             ||     3
Armor: Robe              ||    12
Dodge: Dodged            ||    78
